 Dungeon Crawl Stone Soup version 0.28.0-47-ge53b351184 (webtiles) character file.

Game seed: 8864039831038043243

351 Gabide the Grave Robber (level 6, -2/44 HPs)
             Began as a Mummy Necromancer on May 10, 2022.
             Slain by a killer bee zombie (3 damage)
             ... in an ossuary.
             The game lasted 00:07:05 (4171 turns).

Gabide the Grave Robber (Mummy Necromancer)         Turns: 4171, Time: 00:07:06

Health: -2/44      AC:  6    Str: 12    XL:     6   Next: 34%
Magic:  11/11      EV: 11    Int: 16    God:
Gold:   69         SH:  0    Dex: 12    Spells: 4/12 levels left

rFire   x . .      SeeInvis .   i - +0 quarterstaff
rCold   + . .      Faith    .   (shield currently unavailable)
rNeg    + + +      Spirit   .   g - +0 ring mail
rPois   ∞          Reflect  .   (no helmet)
rElec   .          Harm     .   (no cloak)
rCorr   +          Rampage  .   a - +0 pair of gloves
Will    .....                   (no boots)
Stlth   +.........              (no amulet)
HPRegen 0.14/turn               f - ring of resist corrosion
MPRegen 0.12/turn               (no ring)

@: no status effects
A: cold resistance 1, negative energy resistance 3, torment resistance 2, heat
vulnerability 1, no potions
a: no special abilities


You were in an ossuary.
You visited 1 branch of the dungeon, and saw 4 of its levels.
You also visited: Ossuary.

You collected 69 gold pieces.

Inventory:

Hand Weapons
 i - a +0 quarterstaff (weapon)
Armour
 a - a +0 pair of gloves (worn)
 g - a +0 ring mail (worn)
Jewellery
 f - a ring of resist corrosion (left hand)
Scrolls
 b - 2 scrolls of vulnerability
 e - a scroll of amnesia
 h - a scroll of enchant weapon {unknown}


   Skills:
 + Level 2.1 Fighting
 - Level 0.1 Axes
 + Level 1.3 Staves
 * Level 2.2 Armour
 + Level 2.6 Dodging
 - Level 1.5 Stealth
 + Level 3.7 Spellcasting
 * Level 5.2 Necromancy


You had 4 spell levels left.
You knew the following spells:

 Your Spells              Type           Power      Damage    Failure   Level
a - Pain                  Necr           76%        1d7       4%          1
b - Vampiric Draining     Necr           19%        2d7       14%         3
c - Animate Dead          Necr           9%         N/A       41%         4

Your spell library contained the following spells:

 Spells                   Type           Power      Damage    Failure   Level
 Animate Skeleton         Necr           38%        N/A       4%          1
 Animate Armour           Summ/Erth      4%         N/A       98%         4
 Agony                    Necr           19%        N/A       77%         5
 Iron Shot                Conj/Erth      1%         9d1       100%        6
 Blade Hands              Tmut           Unusable   N/A       N/A         5

Dungeon Overview and Level Annotations

Branches:
Dungeon (4/15)            Ossuary (1/1)
 Temple: D:4-7

Altars:
Hepliaklqana

Shops:
D:1 *


Innate Abilities, Weirdness & Mutations

You are immune to poison.
Your flesh is cold resistant. (rC+)
You are immune to negative energy. (rN+++)
You are immune to unholy pain and torment.
You are vulnerable to heat. (rF-)
You do not drink.


Message History

There is an empty arch of ancient stone here.
Your surroundings suddenly seem different.
A killer bee zombie, 3 centaur zombies and a bog mummy come into view.
A mummy comes into view.
The killer bee zombie moves out of view.
You enter the shallow water.
Moving in this stuff is going to be slow.
The centaur zombie hits you but does no damage.
The centaur zombie kicks you but does no damage.
The centaur zombie hits you but does no damage.
The centaur zombie kicks you.
* * * LOW HITPOINT WARNING * * *
The centaur zombie closely misses you.
The centaur zombie barely misses you. x2
The centaur zombie closely misses you.
The killer bee zombie completely misses you.
The bog mummy casts a spell at you.
You easily resist.
The killer bee zombie barely misses you.
You hit the killer bee zombie.
The killer bee zombie is moderately damaged.
The killer bee zombie hits you.
* * * LOW HITPOINT WARNING * * *
The killer bee zombie hits you.
* * * LOW HITPOINT WARNING * * *
As you read the scroll labelled INOFUK UNOX, it crumbles to dust.
It is a scroll of identify.
e - a scroll of amnesia The killer bee zombie hits you.
* * * LOW HITPOINT WARNING * * *
The killer bee zombie barely misses you.
You hit the killer bee zombie.
The killer bee zombie is moderately damaged.
The killer bee zombie hits you.
* * * LOW HITPOINT WARNING * * *
The killer bee zombie hits you but does no damage.
You hit the killer bee zombie.
The killer bee zombie is heavily damaged.
The killer bee zombie barely misses you.
The killer bee zombie hits you.
You die...

.. #.Z.# ##
#.∩.# #..∩#
##### ### # #@#
Z#
≈≈##+##Z##'##.#
≈≈≈≈≈≈MZZ..M..'
#.≈.#.≈.#+#'#+#
#. #.#P# ≈≈≈###
##≈# ≈# ##


You could see a bog mummy, a killer bee zombie and 2 centaur zombies.

Vanquished Creatures
  A kobold brigand (D:3)
  A scorpion (D:4)
  Terence (D:3)
  3 mummies (Ossuary)
  3 adders
  3 worms
  An adder skeleton (D:4)
  2 dart slugs
  An orc (D:3)
  6 bats
  12 endoplasms
  2 giant cockroaches
  2 goblins
  7 hobgoblins
  5 kobolds
  5 quokkas
  9 ball pythons
  2 frilled lizards
  6 rats
72 creatures vanquished.

Vanquished Creatures (others)
  2 withered plants (Ossuary)
2 creatures vanquished.

Grand Total: 74 creatures vanquished

Notes
Turn   | Place    | Note
-------+----------+-------------------------------------------
     0 | D:1      | Gabide the Mummy Necromancer began the quest for the Orb.
     0 | D:1      | Reached XP level 1. HP: 13/13 MP: 4/4
   308 | D:1      | Reached XP level 2. HP: 20/20 MP: 1/5
   408 | D:1      | Found a faded altar of an unknown god.
   442 | D:1      | Reached skill level 1 in Fighting
  1046 | D:1      | Found Hixzuumn's General Store.
  1399 | D:2      | Reached XP level 3. HP: 10/26 MP: 0/7
  2170 | D:2      | Reached XP level 4. HP: 32/32 MP: 4/8
  2207 | D:2      | Reached skill level 1 in Armour
  2815 | D:3      | Noticed Terence
  2823 | D:3      | Killed Terence
  2830 | D:3      | Learned a level 3 spell: Vampiric Draining
  2888 | D:3      | Identified the +4 dagger of Nehe Qekegi {freeze, rPois
                  | Int-3 Dex+2}
  3435 | D:3      | Noticed a kobold brigand
  3446 | D:3      | Found a hazy altar of Hepliaklqana.
  3447 | D:3      | Found a faded altar of an unknown god.
  3459 | D:3      | Killed a kobold brigand
  3460 | D:3      | Reached skill level 1 in Staves
  3460 | D:3      | Reached XP level 5. HP: 24/38 MP: 4/10
  4023 | D:4      | Found a sand-covered staircase.
  4049 | D:4      | Reached skill level 5 in Necromancy
  4049 | D:4      | Reached XP level 6. HP: 32/44 MP: 2/11
  4121 | D:4      | Learned a level 4 spell: Animate Dead
  4122 | Ossuary  | Entered an ossuary
  4169 | Ossuary  | HP: 2/44 [killer bee zombie (4)]
  4171 | Ossuary  | Slain by a killer bee zombie

Illustrated notes

Levels and vault maps discovered:
D:1:      scummos_arrival_forest, layout_basic,
          chequers_ecumenical_altar_island, serial_shops,
          nicolae_shop_statue_plus, minmay_misc_feat_square
D:2:      layout_loops_corners, minmay_diced_spiral
D:3:      layout_loops_cross, beargit_hepliaklqana_dungeon_heroes,
          portal_sewer_entry_d, nrook_campfire, small_statue_alley_b,
          uniq_terence
D:4:      layout_loops_ring, grunt_temple_overflow_cloverleaf,
          nicolae_ossuary_entry_ruins, uniq_pikel
Ossuary:  ossuary_zaba_flooded

Skill      XL: |  1  2  3  4  5 |
---------------+----------------+-----
Fighting       | 1 2 |  2.1
Dodging        | 2 |  2.6
Spellcasting   | 3 |  3.7
Armour         | 1 2 |  2.2
Staves         | 1 |  1.3
Necromancy     | 5 |  5.2
Axes           | |  0.1
Stealth        | |  1.5

Action                   |  1- 3 |  4- 6 || total
-------------------------+-------+-------++-------
Melee: Unarmed           |     4 |       ||     4
       Battleaxe         |    20 |       ||    20
       Falchion          |     5 |       ||     5
       Quarterstaff      |    12 |    33 ||    45
 Cast: Pain              |    65 |    80 ||   145
  Use: Scroll            |     1 |     2 ||     3
Armor: Ring mail         |    19 |    28 ||    47
       Leather armour    |     2 |       ||     2
Dodge: Dodged            |    30 |    43 ||    73
